 Dungeon Crawl Stone Soup version 0.21-a0-143-g1ab7d47 (webtiles) character file.

10711 Savaroth the Fighter (level 11, -3/157 HPs)
             Began as a Minotaur Berserker on July 24, 2017.
             Was a High Priest of Trog.
             Slain by a skeletal warrior
             ... wielding a +0 trident
             ... led by a skeletal warrior
              (5 damage)
             ... on level 11 of the Dungeon.
             The game lasted 00:39:33 (11482 turns).

Savaroth the Fighter (Minotaur Berserker)          Turns: 11482, Time: 00:39:34

Health: -3/157     AC:  8    Str: 29    XL:     11   Next: 39%
Magic:  8/8        EV: 18    Int:  2    God:    Trog [*****.]
Gold:   277        SH:  0    Dex: 16    Spells: 10/10 levels left

rFire    . . .     SeeInvis +   v - +1 broad axe (chop)
rCold    . . .     Gourm    +   (no shield)
rNeg     . . .     Faith    .   C - +0 scale mail
rPois    .         Spirit   .   (helmet restricted)
rElec    .         Reflect  .   (no cloak)
rCorr    .         Harm     .   U - +0 pair of gloves
MR       .....                  M - +0 pair of boots
Stlth    ..........             d - amulet of the gourmand
HPRegen  0.36/turn              u - ring of the Nightingale {Str+2 Dex+3}
MPRegen  0.11/turn              L - -2 ring of intelligence (curse)

@: berserking, very quick
A: retaliatory headbutt, horns 2, talons 1, see invisible, low mp 1, screaming 1
a: Berserk, Trog's Hand, Brothers in Arms, Burn Spellbooks, Renounce Religion


You were on level 11 of the Dungeon.
You worshipped Trog.
Trog was extremely pleased with you.
You were not hungry.

You visited 1 branch of the dungeon, and saw 11 of its levels.

You collected 591 gold pieces.
You spent 314 gold pieces at shops.

Inventory:

Hand Weapons
 e - a +0 flail
 v - a +1 broad axe of chopping (weapon)
 R - a +0 war axe of chopping
Armour
 C - a +0 scale mail (worn)
 M - a +0 pair of boots (worn)
 U - a +0 pair of gloves (worn)
 V - +1 steam dragon scales
Jewellery
 d - an amulet of the gourmand (around neck)
 g - an uncursed ring of flight
 k - a +4 ring of evasion
 p - an uncursed ring of resist corrosion
 u - the ring of the Nightingale (left hand) {Str+2 Dex+3}
   (You found it on level 6 of the Dungeon)

   [ring of dexterity]

   It affects your strength (+2).
   It affects your dexterity (+3).
 x - an uncursed ring of see invisible
 I - an uncursed ring of ice {unknown}
 L - a cursed -2 ring of intelligence (right hand)
Wands
 a - a wand of flame (32/48)
 s - a wand of digging (10/24)
 P - a wand of disintegration (5/24)
Scrolls
 l - 6 scrolls of identify
 m - 3 scrolls of teleportation
 q - 3 scrolls of blinking
 A - 3 scrolls of fog
 B - a scroll of enchant weapon
Potions
 b - a potion of brilliance {unknown}
 h - a potion of cancellation {unknown}
 j - 5 potions of curing
 n - 3 potions of invisibility {unknown}
 o - a potion of agility {unknown}
 r - 4 potions of lignification {unknown}
 t - a potion of haste {unknown}
 E - 3 potions of mutation {unknown}
 F - a potion of flight {unknown}
 H - a potion of heal wounds {unknown}
 J - a potion of might {unknown}
 K - a potion of magic {unknown}
 S - 2 potions of degeneration {unknown}
Comestibles
 c - 8 bread rations
 f - 9 royal jellies
 i - 2 fruits
 z - 4 meat rations


   Skills:
 + Level 12.7 Fighting
 + Level 12.7 Axes
 - Level 2.4 Armour
 + Level 11.3 Dodging


You had 10 spell levels left.
You didn't know any spells.

Dungeon Overview and Level Annotations

Branches:
Dungeon (11/15)            Temple (0/1) D:4            Lair (0/6) D:8
    Orc: D:9-12

Altars:
Ashenzari
Elyvilon
Fedhas
Gozag
Makhleb
Sif Muna
Vehumet
Xom
Yredelemnul
Zin

Shops:
D:5 !   D:8 }   D:10 (

Portals:
Trove: D:10 (give 7 scrolls of blinking)

Annotations:
D:10 exclusion: ice statue


Innate Abilities, Weirdness & Mutations

You reflexively headbutt those who attack you in melee.
You have a pair of horns on your head.
You have sharp toenails.
You have supernaturally acute eyesight. (SInv)
Your magical capacity is low. (-10% MP)
You occasionally shout uncontrollably at your foes.


Message History

Trog accepts your kill. The skeletal warrior barely misses you.
You furiously retaliate!
You headbutt the skeletal warrior!
Things that are here:
a dire flail; a long sword; a short sword You barely miss the skeletal warrior.
The skeletal warrior is lightly damaged.
You hit the skeletal warrior but do no damage.
The skeletal warrior is lightly damaged.
The skeletal warrior misses you.
You barely miss the skeletal warrior. You headbutt the skeletal warrior!
The skeletal warrior is moderately damaged.
The skeletal warrior hits you with a trident!!
* * * LOW HITPOINT WARNING * * *
You slash the skeletal warrior!
The skeletal warrior is heavily damaged.
You hit the skeletal warrior.
The skeletal warrior is heavily damaged.
The skeletal warrior hits you with a trident.
You die...

#....# ########'## ###
#.........# .>..
#.........# .....
#.........# ......###
#....<....# .....<'.##
#.........#
$.....#.z###.........#
..... ##.@.'.........#
.... #####.[.......#
... #.........# ..
##'######## . #.###
#...## ###..#
#######'####
.......)...#


You could see a skeletal warrior.

Vanquished Creatures
  4 two-headed ogres
  3 skeletal warriors (D:11)
  A troll (D:10)
  A merfolk (D:10)
  A hornet (D:11)
  A hippogriff (D:9)
  A spriggan (D:10)
  3 yaks (D:10)
  A human (D:10)
  A steam dragon (D:10)
  A basilisk (D:10)
  A hungry ghost (D:8)
  A water moccasin (D:7)
  2 black bears
  2 orc warriors
  5 sky beasts
  An ice beast (D:5)
  4 ogres
  3 centaurs (D:9)
  A crocodile (D:10)
  4 big kobolds
  Blork the orc (D:6)
  3 bullfrogs
  A water moccasin zombie (D:9)
  A wyvern skeleton (D:10)
  5 scorpions
  9 crimson imps
  A centaur zombie (D:9)
  A quasit (D:8)
  2 jellies (D:7)
  10 orc wizards
  Crazy Yiuf (D:2)
  A gnoll shaman (D:7)
  4 orc priests
  11 hounds
  5 iguanas
  7 worker ants
  A killer bee zombie (D:7)
  3 worker ant zombies
  A howler monkey zombie (D:8)
  9 gnolls
  9 river rats (D:5)
  10 adders
  A howler monkey skeleton (D:6)
  2 shadow imps
  3 oozes
  2 adder zombies
  4 worms
  2 dart slugs (D:1)
  10 leopard geckos
  34 orcs
  8 bats
  5 giant cockroaches
  5 hobgoblins
  15 jackals
  7 quokkas
  A ball python (D:3)
  A ball python skeleton (D:4)
  6 frilled lizards
  7 goblins
  A jackal zombie (D:6)
  30 kobolds
  A quokka skeleton (D:4)
  A quokka zombie (D:5)
  17 rats
301 creatures vanquished.

Vanquished Creatures (others)
  An orc (D:4)
1 creature vanquished.

Grand Total: 302 creatures vanquished

Notes
Turn   | Place    | Note
-------+----------+-------------------------------------------
     0 | D:1      | Savaroth the Minotaur Berserker began the quest for the Orb.
     0 | D:1      | Reached XP level 1. HP: 19/19 MP: 0/0
   160 | D:1      | Reached XP level 2. HP: 27/27 MP: 1/1
   342 | D:1      | Reached XP level 3. HP: 29/33 MP: 2/2
   695 | D:1      | Reached ** piety under Trog
   950 | D:2      | Reached XP level 4. HP: 22/41 MP: 3/3
  1195 | D:2      | HP: 2/41 [poisoned by an adder]
  1203 | D:2      | HP: 1/41 [poisoned by an adder]
  2074 | D:2      | Found a runed door.
  2200 | D:2      | Noticed Crazy Yiuf
  2205 | D:2      | Killed Crazy Yiuf
  2205 | D:2      | Reached skill level 5 in Fighting
  2205 | D:2      | Reached skill level 5 in Axes
  2205 | D:2      | Reached XP level 5. HP: 48/48 MP: 4/4
  2435 | D:3      | Found a radiant altar of Vehumet.
  2692 | D:3      | Reached *** piety under Trog
  3137 | D:4      | Reached XP level 6. HP: 38/57 MP: 5/5
  3744 | D:4      | Found a blossoming altar of Fedhas.
  3788 | D:4      | Found a staircase to the Ecumenical Temple.
  3926 | D:5      | Entered Level 5 of the Dungeon
  4368 | D:5      | Reached **** piety under Trog
  4391 | D:5      | Reached XP level 7. HP: 54/64 MP: 6/6
  4572 | D:5      | Reached skill level 5 in Dodging
  4695 | D:5      | Found a shimmering altar of Xom.
  5104 | D:5      | Found Guemior's Distillery.
  5107 | D:5      | Bought 2 potions of curing for 66 gold pieces
  5107 | D:5      | Bought 2 potions of curing for 66 gold pieces
  5363 | D:6      | Reached ***** piety under Trog
  5363 | D:6      | Reached XP level 8. HP: 65/73 MP: 7/7
  5666 | D:6      | Got a slimy glass ring
  5668 | D:6      | Identified the ring of the Nightingale {Str+2 Dex+3} (You found it on level 6 of the Dungeon)
  6236 | D:6      | Noticed Blork the orc
  6243 | D:6      | Killed Blork the orc
  6840 | D:7      | Reached XP level 9. HP: 61/83 MP: 8/8
  6870 | D:7      | Found an opulent altar of Gozag.
  7094 | D:7      | Found a shattered altar of Ashenzari.
  7236 | D:7      | Found a deep blue altar of Sif Muna.
  7440 | D:7      | Found a basalt altar of Yredelemnul.
  7788 | D:8      | Found a glowing silver altar of Zin.
  7795 | D:8      | Found a staircase to the Lair.
  7867 | D:8      | Reached skill level 10 in Axes
  7876 | D:8      | Reached skill level 10 in Fighting
  7924 | D:8      | Found a white marble altar of Elyvilon.
  7929 | D:8      | Noticed a two-headed ogre
  7944 | D:8      | Killed a two-headed ogre
  7961 | D:8      | Noticed a two-headed ogre
  8506 | D:8      | Found Geuphous's Gadget Shoppe.
  8570 | D:8      | Reached XP level 10. HP: 85/94 MP: 9/9
  8836 | D:9      | Noticed a two-headed ogre
  8843 | D:9      | Killed a two-headed ogre
  8895 | D:9      | Found a burning altar of Makhleb.
  9340 | D:10     | Entered Level 10 of the Dungeon
  9389 | D:10     | Received a gift from Trog
  9404 | D:10     | Reached skill level 10 in Dodging
  9464 | D:10     | Found a portal to a secret trove of treasure.
  9587 | D:10     | Noticed a two-headed ogre
  9605 | D:10     | Killed a two-headed ogre
  9649 | D:10     | Noticed an ice statue
  9778 | D:10     | Found Susho's Weapon Emporium.
  9788 | D:10     | Bought a +1 broad axe of chopping for 182 gold pieces
  9856 | D:10     | Reached ****** piety under Trog
 10254 | D:10     | Reached XP level 11. HP: 104/104 MP: 10/10
 11018 | D:11     | Gained mutation: Your magical capacity is low. (-10% MP) [mutagenic meat]
 11019 | D:11     | Gained mutation: You have supernaturally acute eyesight. (SInv) [mutagenic meat]
 11020 | D:11     | Gained mutation: You occasionally shout uncontrollably at your foes. [mutagenic meat]
 11021 | D:11     | Gained mutation: You have sharp toenails. [mutagenic meat]
 11022 | D:11     | Gained mutation: You possess an exceptional clarity of mind. [mutagenic meat]
 11023 | D:11     | Lost mutation: You possess an exceptional clarity of mind. [mutagenic meat]
 11064 | D:11     | Noticed a two-headed ogre
 11074 | D:11     | HP: 5/156 [two-headed ogre/giant spiked club (17)]
 11077 | D:11     | Killed a two-headed ogre
 11454 | D:11     | Noticed a skeletal warrior
 11454 | D:11     | Noticed a skeletal warrior
 11454 | D:11     | Noticed a skeletal warrior
 11454 | D:11     | Noticed a skeletal warrior
 11465 | D:11     | Killed a skeletal warrior
 11472 | D:11     | Killed a skeletal warrior
 11476 | D:11     | Killed a skeletal warrior
 11480 | D:11     | HP: 2/157 [skeletal warrior/trident[a skeletal warrior] (22)]
 11482 | D:11     | Slain by a skeletal warrior

Vault maps used:
D:1:      dpeg_arrival_ternary
D:2:      uniq_crazy_yiuf_cottage
D:3:      old_standard_altar, first_bread
D:4:      lemuel_temple_firewalk_b, fedhas_altar_4
D:5:      lemuel_round_altar, serial_shops, kennysheep_mini, dk_rats_in_the_wall
D:6:      old_forge, uniq_blork_the_orc
D:7:      nicolae_gozag_seed_capital, lemuel_coloured_pillars_altar,
          kennysheep_little_box, lemuel_crystal_altar
D:8:      lemuel_crystal_altar, lair_entry_dummy, serial_shops, shop,
          basic_altar
D:9:      makhleb_heckhound_becter
D:10:     serial_shops, shop, nicolae_trove_entry_crystal, hangedman_stone_soup,
          hangedman_decor_lopped, grunt_ministairs_1, minivault_15,
          minmay_lizard_king
D:11:     erik_orc_3, uniq_snorg

Skill      XL: |  1  2  3  4  5  6  7  8  9 10 11 |
---------------+----------------------------------+-----
Axes           | 4 5 6 7 9 10 12 | 12.7
Fighting       | 4 5 6 7 9 10 12 | 12.7
Dodging        | 3 4 6 7 9 10 11 | 11.3
Armour         | |  2.4

Action                   |  1- 3 |  4- 6 |  7- 9 | 10-12 || total
-------------------------+-------+-------+-------+-------++-------
Melee: Hand axe          |    49 |   226 |   371 |     7 ||   653
       Headbutt          |     8 |    40 |    83 |    51 ||   182
       War axe           |       |       |       |    99 ||    99
       Broad axe         |       |       |       |    83 ||    83
Invok: Berserk           |       |     1 |     2 |     2 ||     5
       Trog's Hand       |       |     1 |       |       ||     1
       Burn Spellbooks   |       |       |       |     1 ||     1
Evoke: Wand              |       |       |     1 |       ||     1
  Use: Scroll            |       |       |     8 |     6 ||    14
  Eat: Chunk             |     2 |    18 |    20 |    16 ||    56
Armor: Animal skin       |    14 |       |       |       ||    14
       Ring mail         |     4 |    49 |       |       ||    53
       Scale mail        |       |    19 |   103 |    46 ||   168
Dodge: Dodged            |    35 |   118 |   209 |   165 ||   527
